 Dungeon Crawl Stone Soup version 0.18.1-5-g4a78601 (webtiles) character file.

182 tyrsky the Digger (level 5, -1/28 HPs)
             Began as a Gargoyle Earth Elementalist on May 14, 2016.
             Killed from afar by Natasha (6 damage)
             ... with a magic dart
             ... on level 2 of the Dungeon.
             The game lasted 00:12:40 (1991 turns).

tyrsky the Digger (Gargoyle Earth Elementalist)     Turns: 1991, Time: 00:12:41

Health: -1/28      AC:  7    Str: 12    XL:     5   Next: 61%
Magic:  3/11       EV: 11    Int: 16    God:
Gold:   58         SH:  3    Dex: 10    Spells: 3 memorised, 6 levels left

rFire  . . .     SeeInvis .     l - staff of earth
rCold  . . .     Gourm    .     a - +0 robe
rNeg   + . .     Faith    .     m - +0 buckler
rPois  ∞         Spirit   .     g - +0 helmet
rElec  +         Dismiss  .     (no cloak)
rCorr  .         Reflect  .     (no gloves)
SustAt .         Harm     .     (no boots)
MR     .....                    (no amulet)
Stlth  ++........               (no ring)
                                (no ring)

@: very slightly contaminated, slowed, very slow, not resistant to hostile
enchantments, unstealthy
A: negative energy resistance 1, electricity resistance, unbreathing,
petrification resistance, rot immunity, AC +4
a: no special abilities


You were on level 2 of the Dungeon.
You were hungry.

You visited 2 branches of the dungeon, and saw 6 of its levels.

You collected 58 gold pieces.

Inventory:

Missiles
 b - 81 stones (quivered)
Armour
 a - a +0 robe (worn)
 g - a +0 helmet (worn)
 m - a +0 buckler (worn)
Magical Staves
 l - an uncursed staff of earth (weapon)
Jewellery
 p - an uncursed ring of protection from cold {unknown}
Scrolls
 e - a scroll of blinking {unknown}
 h - 2 scrolls of identify {unknown}
 k - 3 scrolls of magic mapping {unknown}
 n - a scroll of teleportation {unknown}
 q - a scroll of recharging {unknown}
 r - a scroll of enchant weapon {unknown}
Potions
 i - 3 potions of curing {unknown}
 j - 2 potions of brilliance {unknown}
 o - 2 potions of haste {unknown}
Books
 c - a book of Geomancy

   Spells                             Type                      Level
   a - Sandblast                      Earth                        1
   b - Passwall                       Transmutation/Earth          2
   c - Stone Arrow                    Conjuration/Earth            3
   d - Petrify                        Transmutation/Earth          4
   e - Lee's Rapid Deconstruction     Earth                        5
Comestibles
 d - a bread ration
 f - 2 fruits


   Skills:
 - Level 1.5 Dodging
 - Level 2.1 Stealth
 * Level 4.3 Spellcasting
 - Level 0.7 Transmutations
 + Level 5.2 Earth Magic


You had 6 spell levels left.
You knew the following spells:

 Your Spells              Type           Power        Failure   Level  Hunger
a - Sandblast             Erth           ####..       3%          1    None
b - Passwall              Trmt/Erth      ###.......   14%         2    ##.....
c - Stone Arrow           Conj/Erth      ###...       30%         3    ###....


Dungeon Overview and Level Annotations

Branches:
Dungeon (5/15)             Temple (1/1) D:4

Altars:
Ashenzari
Cheibriados
Fedhas
Gozag
Kikubaaqudgha
Makhleb
Qazlal
Ru
Sif Muna
Trog
Xom
Zin
The Shining One

Annotations:
D:2 Jessica, Natasha
D:3 Sigmund


Innate Abilities, Weirdness & Mutations

You are resistant to torment.
Your stone body is resilient (AC +4).
You are immune to poison.
You resist negative energy.
You are resistant to electric shocks.
You can survive without breathing.
You are immune to petrification.
You are immune to rotting.


Message History

Natasha stares at you and mumbles some strange words.
The magic dart hits you!
The white imp hits you but does no damage.
You barely miss Natasha.
Natasha is moderately wounded.
Natasha claws you but does no damage. You block the white imp's attack.
Natasha claws you but does no damage.
You hit Natasha.
Natasha is heavily wounded.
The iron imp disappears in a puff of smoke!
The white imp disappears in a puff of smoke!
The white imp gestures at you. The puff of frost hits you!
* * * LOW HITPOINT WARNING * * *
Natasha barely misses you.
The white imp lashes its tail.
The white imp closely misses you. Natasha casts a spell at you.
The magic dart hits you!
You die...

#..........#...##.#
#..........##.###.#
#..<.).....##.# #.#
#.............# #.# #.#.
#.........#####
#.#######...#
#...).....# ###.#.....
...# #######..##
#.......# #..#
#..######.#.....# #..#
#..#..59h§......# #..#
#....####§#.....####..##
#.....# #.#.............
#.#...# #.#.....####..#.
#.#...# #.#..<..####..#.
#...... #.............#.
###.............#.###.#.
##...###......##....#.
...##.###.### #####.


You could see Natasha and a white imp.

Vanquished Creatures
  2 orc wizards (D:4)
  Natasha (D:2)
  2 hound skeletons (D:4)
  3 adders
  A worm (D:2)
  3 dart slugs
  3 giant geckos
  3 orcs (D:4)
  2 giant cockroaches
  5 goblins
  4 hobgoblins
  3 bats
  2 giant newts (D:1)
  A kobold (D:1)
  5 rats
40 creatures vanquished.

Notes
Turn   | Place    | Note
--------------------------------------------------------------
     0 | D:1      | tyrsky the Gargoyle Earth Elementalist began the quest for the Orb.
     0 | D:1      | Reached XP level 1. HP: 10/10 MP: 3/3
   248 | D:1      | Reached XP level 2. HP: 3/15 MP: 0/5
   537 | D:1      | Learned a level 2 spell: Passwall
   610 | D:2      | Noticed Jessica
   737 | D:2      | Reached skill level 4 in Earth Magic
   739 | D:2      | Reached XP level 3. HP: 18/19 MP: 1/7
   938 | D:3      | Noticed Sigmund
   955 | D:4      | Found a staircase to the Ecumenical Temple.
   958 | D:5      | Entered Level 5 of the Dungeon
   994 | D:4      | Learned a level 3 spell: Stone Arrow
  1010 | D:4      | Found an ancient bone altar of Kikubaaqudgha.
  1045 | D:4      | Reached XP level 4. HP: 24/24 MP: 0/9
  1134 | Temple   | Entered the Ecumenical Temple
  1480 | D:4      | Reached XP level 5. HP: 16/28 MP: 0/11
  1635 | D:4      | Reached skill level 5 in Earth Magic
  1830 | D:2      | Noticed Natasha
  1833 | D:2      | Killed Natasha
  1973 | D:2      | Noticed Natasha
  1991 | D:2      | Killed from afar by Natasha

Skill      XL: |  1  2  3  4  5 |
---------------+----------------+-----
Earth Magic    | 4 5 |  5.2
Spellcasting   | 3 4 |  4.3
Dodging        | |  1.5
Stealth        | |  2.1
Transmutations | |  0.7

Action                   |  1- 3 |  4- 6 || total
-------------------------+-------+-------++-------
Melee: Club              |    11 |       ||    11
       Unarmed           |     2 |       ||     2
       Staff             |     4 |    64 ||    68
 Cast: Sandblast         |    40 |    41 ||    81
       Passwall          |     1 |       ||     1
       Stone Arrow       |     3 |     7 ||    10
  Eat: Bread ration      |       |     1 ||     1
Armor: Robe              |     9 |    29 ||    38
Dodge: Dodged            |    23 |    49 ||    72
Block: Buckler           |     1 |     8 ||     9
